Unix NetHack Version 5.0.0-0 post-release - last build Jul 19 2026 19:10:59 (3aa4ab31751d3886436d94b585a96704892fd477,branch:main).

Game began 2026-07-27 16:58:54, ended 2026-07-27 17:06:35.

Barrb, neutral female human Barbarian

                         -------             -----------
                         |..>..|             |..........###`---------------
                         |.....|             ..........|   #-.`...........|
                        #-.....|             |.........|    |.............|
                        #-.-----            #....{.....|    +..@e.........|
                        # ##########      # #-------+---    |..Z.......([.|
                       ##       #########`####              --.------------
                      ##           #######  #              ####
      ------------#####            ##                   #  #
      |..........|#    ##           #                   ####
      |...........#    ##   --------.----               ##
      |..........|   # #    |...........|#    #####     ##
      |...........###`######.............######--.-------.-----
      ------------          |.......<...|#     |..............|
                            |...........+      |..............|
                            -------------      |..............|
                                               |(.............|
                                               ----------------

Barrb the Pillager         St:15 Dx:18 Co:18 In:8 Wi:8 Ch:6  Neutral
Dlvl:3  $:33 HP:0(42) Pw:7(7) AC:7  Xp:3 T:1257 

Latest messages:
 Hmmm, the large box turns out to be locked.
 There is a locked large box here; force its lock? [ynq] (q) y
 You force your battle-axe into a crack and pry.
 You succeed in forcing the lock.
 w - a dwarvish cloak.
 h - a swirly potion (2 in total).
 You see here a scale mail.
 You see here an empty broken large box.
 You kill the lichen!
 Welcome to experience level 3.
 You see here a lichen corpse.
 There is a lichen corpse here; eat it? [ynq] (n) y
 This lichen corpse tastes terrible!
 You finish eating the lichen corpse.
 You see here a large box.
 Hmmm, the large box turns out to be locked.
 There is a locked large box here; force its lock? [ynq] (q) y
 You force your battle-axe into a crack and pry.
 You hear the footsteps of a guard on patrol.
 You succeed in forcing the lock.
 x - an effervescent potion.
 h - a swirly potion (3 in total).
 y - a jeweled wand.
 z - a violet gem.
 What do you want to ready? [$bmqt or ?*] *
 m - 8 poisoned shuriken (at the ready).
 You smite the floating eye!
 You are frozen by the floating eye's gaze!
 The dwarf zombie hits!
 The dwarf zombie hits!
 The dwarf zombie hits!
 The dwarf zombie hits!
 The dwarf zombie hits!
 The dwarf zombie hits!
 The dwarf zombie hits!
 The dwarf zombie hits!
 The dwarf zombie hits!
 The dwarf zombie hits!
 The dwarf zombie hits!
 The dwarf zombie hits!
 The dwarf zombie hits!
 The dwarf zombie hits!
 The dwarf zombie hits!
 The dwarf zombie hits!
 You die...
 Do you want your possessions identified? [ynq] (y) y
 Do you want to see your attributes? [ynq] (y) y
 Do you want an account of creatures vanquished? [ynaq] (y) y
 Do you want to see your conduct and achievements? [ynq] (y) y
 Do you want to see the dungeon overview? [ynq] (y) q

Inventory:
 Coins    ('$')
  $ - 33 gold pieces
 Amulets  ('"')
  s - a blessed amulet of unchanging
 Weapons  (')')
  q - 7 +0 darts
  m - 8 cursed poisoned +0 shuriken (at the ready)
  t - a +0 dagger
  a - a +0 battle-axe (weapon in hands)
  b - a +0 short sword (alternate weapon; not wielded)
 Armor    ('[')
  w - an uncursed +0 dwarvish cloak
  j - a cursed +0 leather cloak
  c - an uncursed +0 ring mail (being worn)
 Comestibles  ('%')
  p - an uncursed cram ration
  d - an uncursed food ration
  u - an uncursed tripe ration
 Scrolls  ('?')
  o - an uncursed scroll of fire
  f - a blessed scroll of identify
 Spellbooks  ('+')
  k - an uncursed spellbook of chain lightning
 Potions  ('!')
  l - an uncursed potion of extra healing
  h - 3 uncursed potions of healing
  x - an uncursed potion of invisibility
  v - a cursed potion of see invisible
  r - an uncursed potion of water
 Rings    ('=')
  i - a cursed -1 ring of increase damage
  n - an uncursed ring of sustain ability
 Wands    ('/')
  y - a wand of sleep (0:4)
 Tools    ('(')
  e - an uncursed oil lamp
 Gems/Stones  ('*')
  z - an uncursed worthless piece of violet glass

Barrb the Barbarian's attributes:

Background:
 You were a Pillager, a level 3 female human Barbarian.
 You were neutral, nominally on a mission for Crom
 who was opposed by Mitra (lawful) and Set (chaotic).
 You were left-handed.
 You were in the Dungeons of Doom, on level 3.
 You entered the dungeon 1257 turns ago.
 You had 41 experience points, 39 more were needed to attain level 4.

Basics:
 You had 0 out of 42 hit points.
 You had all 7 energy points (spell power).
 Your armor class was 7.
 Your wallet contained 33 zorkmids.
 Autopickup was off.

Final Characteristics:
 Your strength was 15 (limit:18/100).
 Your dexterity was 18 (limit:18).
 Your constitution was 18 (limit:18).
 Your intelligence was 8 (limit:18).
 Your wisdom was 8 (limit:18).
 Your charisma was 6 (limit:18).

Final Status:
 You weren't hungry.
 You were unencumbered.
 You were wielding an axe.
 You had basic skill with axe.

Final Attributes:
 You were devoutly aligned.
 You were poison resistant.
 You were warded.
 You are dead.

Miscellaneous:
 You didn't encounter any bones levels.
 Total elapsed playing time was 7 minutes and 41 seconds.

Major events:
 Turn
    1: Barrb the neutral female human Barbarian entered the dungeon
  481: entered the Gnomish Mines
 1097: attained the rank of Pillager (level 3)
 1257: killed by a dwarf zombie, while frozen by a floating eye's gaze

You didn't know any spells.

Skills:
 Fighting Skills
   bare handed combat [Basic]
   two weapon combat  [Unskilled]
   riding             [Unskilled]
 Weapon Skills
   dagger             [Unskilled]
   axe                [Basic]
   pick-axe           [Unskilled]
   short sword        [Basic]
   broadsword         [Unskilled]
   long sword         [Unskilled]
   two-handed sword   [Unskilled]
   saber              [Unskilled]
   club               [Unskilled]
   mace               [Unskilled]
   morning star       [Unskilled]
   flail              [Unskilled]
   hammer             [Unskilled]
   quarterstaff       [Unskilled]
   spear              [Unskilled]
   trident            [Unskilled]
   bow                [Unskilled]
 Spellcasting Skills
   attack spells      [Unskilled]
   escape spells      [Unskilled]

Voluntary challenges:
 Character rerolling was not enabled.
 You were an atheist.
 You were illiterate.
 You never genocided any monsters.
 You never polymorphed an object.
 You never changed form.
 You used no wishes.
Achievements:
 You entered the Gnomish Mines.
 You attained the rank of Pillager.

 The Dungeons of Doom: levels 1 to 3
    Level 1:
       A fountain.
    Level 2:
       Some fountains.
       Stairs down to The Gnomish Mines.
    Level 3: <- You were here.
       A fountain.
       Final resting place for
          you, killed by a dwarf zombie, while frozen by a floating eye's gaze.
 The Gnomish Mines:
    Level 3:


Vanquished creatures:
  a kitten
  a hobbit
  a giant rat
  a gecko
  3 jackals
  2 kobolds
  a grid bug
  3 lichens
  3 kobold zombies
16 creatures vanquished.

No species were genocided or became extinct.

Game over:
                       ----------
                      /          \
                     /    REST    \
                    /      IN      \
                   /     PEACE      \
                  /                  \
                  |      Barrb       |
                  |      33 Au       |
                  |   killed by a    |
                  |   dwarf zombie   |
                  |                  |
                  |                  |
                  |       2026       |
                 *|     *  *  *      | *
        _________)/\\_//(\/(/\)/\//\/|_)_______

Goodbye Barrb the Barbarian...

You died in The Dungeons of Doom on dungeon level 3 with 294 points,
and 33 pieces of gold, after 1257 moves.
You were level 3 with a maximum of 42 hit points when you died.

